 Dungeon Sprint DCSS version 0.28-a0-206-gc2c9e32840 (webtiles) character file.

Game seed: 10994983401139156903

337 MikeHunt the Spear-Bearer (level 6, -2/59 HPs)
             Began as a Merfolk Gladiator on Aug 20, 2021.
             Was a Follower of Okawaru.
             Slain by a two-headed ogre (10 damage)
             ... in the Dungeon (Sprint IX: "|||||||||||||||||||||||||||||").
             The game lasted 00:02:02 (163 turns).

MikeHunt the Spear-Bearer (Merfolk Gladiator)        Turns: 163, Time: 00:02:02

Health: -2/59      AC: 18    Str: 16    XL:     6   Next: 54%
Magic:  7/8        EV: 14    Int:  7    God:    Okawaru [*.....]
Gold:   0          SH:  0    Dex: 19    Spells: 5/5 levels left

rFire   . . .      SeeInvis .   l - +2 halberd (protect)
rCold   . . .      Faith    .   (shield currently unavailable)
rNeg    . . .      Spirit   .   o - +2 ring mail
rPois   .          Reflect  .   n - +0 helmet
rElec   .          Harm     .   (no cloak)
rCorr   .          Rampage  .   m - +0 pair of gloves
Will    .....      NoTele   +   (no boots)
Stlth   +.........              (no amulet)
HPRegen 0.19/turn               p - +3 ring of dexterity
MPRegen 0.11/turn               q - +2 ring of protection

@: under a protective aura, slowed, very slow
A: (nimble swimmer 2), mertail
a: Renounce Religion, Heroism


You were in the Dungeon.
You worshipped Okawaru.
Okawaru was aware of your devotion.
You visited 1 branch

Inventory:

Hand Weapons
 a - a +0 trident
 l - a +2 halberd of protection (weapon)
Missiles
 d - 3 throwing nets (quivered)
Armour
 b - a +0 leather armour
 c - a +0 helmet
 m - a +0 pair of gloves (worn)
 n - a +0 helmet (worn)
 o - a +2 ring mail (worn)
Jewellery
 p - a +3 ring of dexterity (left hand)
 q - a +2 ring of protection (right hand)
Wands
 k - a wand of acid (7)
Scrolls
 j - 2 scrolls of blinking
Potions
 e - 5 potions of curing
 f - 3 potions of heal wounds
 g - a potion of haste
 h - 4 potions of magic
 i - a potion of invisibility


   Skills:
 + Level 9.6 Fighting
 + Level 12.5 Polearms
 - Level 2.0 Throwing
 + Level 2.0 Armour
 + Level 6.2 Dodging
 + Level 3.0 Invocations
 + Level 1.1 Evocations


You had 5 spell levels left.
You didn't know any spells.
Your spell library was empty.

Dungeon Overview and Level Annotations

Branches:
Dungeon (1/1)

Altars:
Cheibriados
Dithmenos
Elyvilon
Fedhas
Gozag
Hepliaklqana
Kikubaaqudgha
Makhleb
Nemelex Xobeh
Okawaru
Qazlal
Ru
Sif Muna
Trog
Uskayaw
Vehumet
Wu Jian
Xom
Yredelemnul
Zin
The Shining One
Beogh
Jiyva
Lugonu


Innate Abilities, Weirdness & Mutations

((You are quick and stealthy near water. (Stealth+, EV+, Speed+++)))
Your lower body shifts to a powerful aquatic tail in water.


Message History

You barely miss the wraith.
The wraith is severely damaged.
The wraith barely misses you.
Reach: l) +2 halberd (protect)
Press: ? - help, Dir - move target, f/p - wraith
Aim: a wraith (severely damaged, about 32% to evade your +2 halberd of protection)
You hit the wraith.
The wraith is severely damaged.
The wraith barely misses you.
Aiming: Corrosive Bolt
Press: ? - help, Shift-Dir - straight line, f/p - wraith
Aim: a wraith (severely damaged, 71% to hit)
The bolt of acid hits the wraith.
The wraith is splashed with acid.
The acid corrodes the wraith!
The wraith is almost destroyed.
The bolt of acid hits the two-headed ogre!
The two-headed ogre is splashed with acid.
The acid corrodes the two-headed ogre!
The two-headed ogre is heavily wounded.
The wraith hits you! The wraith drains your vigour!
You feel as though you will be slow longer.
The wraith hits you!
* * * LOW HITPOINT WARNING * * *
The wraith drains your vigour!
You feel as though you will be slow longer.
Aiming: Corrosive Bolt
Press: ? - help, Shift-Dir - straight line, f/p - wraith
Aim: a wraith (almost destroyed, covered in acid, 71% to hit)
The bolt of acid hits the wraith!!
The wraith is splashed with acid.
The wraith seems to be corroded for longer.
You destroy the wraith!
Okawaru accepts your kill.
You can now gain great but temporary skills.
The bolt of acid hits the two-headed ogre!
The two-headed ogre is splashed with acid.
The two-headed ogre seems to be corroded for longer.
The two-headed ogre is severely wounded.
The two-headed ogre barely misses you.
The two-headed ogre hits you with a +0 giant spiked club!
You die... ▓▓▓▓▓▓▓▓▓▓▓▓▓▓▓▓▓▓▓▓▓▓▓▓ ______'.?)......@O.....+ ▓▓▓▓▓▓▓▓▓▓▓▓▓▓▓▓▓▓▓▓▓▓▓▓

You could see a two-headed ogre (corroded).

Vanquished Creatures
  A wraith (D)
  An orc warrior (D)
  A necrophage (D)
  An ogre (D)
  A howler monkey (D)
  An iguana (D)
  An orc (D)
  A jackal (D)
  A ball python (D)
  A ball python skeleton (D)
  A frilled lizard (D)
  A giant cockroach zombie (D)
  A goblin (D)
  A quokka zombie (D)
  A rat (D)
15 creatures vanquished.

Notes
Turn   | Place    | Note
-------+----------+-------------------------------------------
     0 | D        | MikeHunt the Merfolk Gladiator began the quest for the Orb.
     0 | D        | Reached XP level 1. HP: 16/16 MP: 1/1
     7 | D        | Reached skill level 5 in Polearms
    15 | D        | Noticed a necrophage
    15 | D        | Noticed an ogre
    15 | D        | Noticed an iguana
    24 | D        | Killed a necrophage
    25 | D        | Reached skill level 9 in Polearms
    25 | D        | Reached XP level 2. HP: 31/31 MP: 2/2
    25 | D        | Reached XP level 3. HP: 36/36 MP: 3/3
    25 | D        | Reached XP level 4. HP: 43/43 MP: 4/4
    27 | D        | Killed an ogre
    28 | D        | Reached skill level 11 in Polearms
    28 | D        | Reached XP level 5. HP: 51/51 MP: 5/5
    40 | D        | Found a snail-covered altar of Cheibriados.
    40 | D        | Found a shadowy altar of Dithmenos.
    40 | D        | Found a white marble altar of Elyvilon.
    40 | D        | Found a blossoming altar of Fedhas.
    40 | D        | Found an opulent altar of Gozag.
    41 | D        | Found a hazy altar of Hepliaklqana.
    42 | D        | Found a viscous altar of Jiyva.
    43 | D        | Found an ancient bone altar of Kikubaaqudgha.
    44 | D        | Found a corrupted altar of Lugonu.
    45 | D        | Found a burning altar of Makhleb.
    46 | D        | Found a sparkling altar of Nemelex Xobeh.
    47 | D        | Found an iron altar of Okawaru.
    48 | D        | Found a stormy altar of Qazlal.
    49 | D        | Found a sacrificial altar of Ru.
    50 | D        | Found a shimmering blue altar of Sif Muna.
    51 | D        | Found a bloodstained altar of Trog.
    52 | D        | Found a hide-covered altar of Uskayaw.
    53 | D        | Found a radiant altar of Vehumet.
    54 | D        | Found an ornate altar of the Wu Jian Council.
    55 | D        | Became a worshipper of Warmaster Okawaru
    56 | D        | Found a shimmering altar of Xom.
    57 | D        | Found a basalt altar of Yredelemnul.
    58 | D        | Found a glowing silver altar of Zin.
    59 | D        | Found a glowing golden altar of the Shining One.
   133 | D        | Noticed an orc warrior
   133 | D        | Noticed a wraith
   133 | D        | Noticed a two-headed ogre
   146 | D        | Killed an orc warrior
   147 | D        | Reached skill level 12 in Polearms
   147 | D        | Reached skill level 1 in Armour
   147 | D        | Reached skill level 5 in Dodging
   147 | D        | Reached XP level 6. HP: 40/59 MP: 5/7
   150 | D        | Reached skill level 1 in Evocations
   163 | D        | Killed a wraith
   163 | D        | Reached * piety under Okawaru
   163 | D        | Slain by a two-headed ogre

Illustrated notes

Levels and vault maps discovered:
D:        linesprint [early_d, line_temple, items_1, d_10, items_2, lair_1,
          lair_end, items_3, orc_1, orc_end, items_4, d_15, swamp_1, shoals_1,
          snake_1, spider_1, d_20, vaults_1, items_5, swamp_end, shoals_end,
          snake_end, spider_end, vaults_end, d_27, items_6, zot_1, zot_end,
          crypt_end, forest_end, elf_end, slime_end, tomb_end, abyss_end,
          pan_hell_end]

Skill      XL: |  1  2  3  4  5  6 |
---------------+-------------------+-----
Polearms       | 9 11 12 | 12.5
Fighting       | 7 8 9 |  9.6
Armour         | 1 2 |  2.0
Dodging        | 5 6 |  6.2
Invocations    | 2 3 |  3.0
Evocations     | 1 |  1.1
Throwing       | |  2.0

Action                   |  1- 3 |  4- 6 || total
-------------------------+-------+-------++-------
Melee: Trident           |    13 |     9 ||    22
       Halberd           |       |    26 ||    26
Evoke: Wand              |       |     3 ||     3
  Use: Potion            |     1 |       ||     1
Armor: Leather armour    |     3 |     1 ||     4
       Ring mail         |       |     7 ||     7
Dodge: Dodged            |     4 |    11 ||    15

Table legend: (Time is in decaauts)
 A = Elapsed time spent in this place.
 B = Non-inter-level travel time spent in this place.
 C = Inter-level travel time spent in this place.
 D = Time resting spent in this place.
 E = Time spent auto-exploring this place.
 F = Levels seen in this place.
 G = Mean time per level.
                   A        B        C        D        E       F      G
               +--------+--------+--------+--------+--------+-----+--------+
         Total |    165 |    165 |      0 |     18 |      0 |   1 |  165.0 |
       Dungeon |    165 |    165 |      0 |     18 |      0 |   1 |  165.0 |
               +--------+--------+--------+--------+--------+-----+--------+

Top non-repeatable levels by time:
       D: 165 daAuts
